[Event "Late-Titled-Tuesday-Blitz-May-07-2024"]
[Site "Chess.com"]
[Date "2024.05.07"]
[Round "9"]
[White "LeninGuerra"]
[Black "RantomOpening"]
[Result "1-0"]
[WhiteElo "2652"]
[BlackElo "2497"]
[TimeControl "180+1"]
[EndTime "15:44:48 PDT"]
[Termination "LeninGuerra won by checkmate"]

1. e4 c5 2. Nf3 e6 3. b4 cxb4 4. a3 Nf6 5. Bd3 Nc6 6. O-O d6 7. axb4 Nxb4 8. Bb5+ Nc6 9. d4 Bd7 10. Bd3 e5 11. d5 Nb4 12. Ba3 Nxd3 13. Qxd3 Be7 14. Nbd2 O-O 15. Rfb1 b6 16. Nc4 Qc7 17. Ne3 Bg4 18. Nxe5 dxe5 19. d6 Bxd6 20. Bxd6 Qd7 21. Bxf8 Qxd3 22. cxd3 Kxf8 23. Rxb6 Rd8 24. Rxf6 gxf6 25.
Nxg4 Rxd3 26. f3 Kg7 27. Rxa7 Rb3 28. Kf2 Rb2+ 29. Kg3 h5 30. Ne3 Re2 31. Nf5+ Kg6 32. Ra8 Kh7 33. Rf8 Kg6 34. Rg8+ Kh7 35. Rg7+ Kh8 36.
Rxf7 h4+ 37. Nxh4 Kg8 38. Rxf6 Kg7 39. Re6 Kf7 40. Rxe5 Kf6 41. Rf5+ Kg7 42. f4 Kh8 43. Nf3 Rxe4 44. Re5 Ra4 45. h4 Kg7 46. h5 Kh6 47. Kg4 Ra2 48. Re6+ Kh7 49. Ng5+ Kh8 50. h6 Ra8 51. Kh5 Rb8 52. g4 Rf8 53. f5 Rb8 54.
Ne4 Rc8 55. g5 Rb8 56. g6 Rc8 57. g7+ Kg8 58. Re8+ Kh7 59. Ng5# 1-0

[Event "Late-Titled-Tuesday-Blitz-May-07-2024"]
[Site "Chess.com"]
[Date "2024.05.07"]
[Round "9"]
[White "stollenmonster"]
[Black "Nf3c5"]
[Result "1-0"]
[WhiteElo "2877"]
[BlackElo "2648"]
[TimeControl "180+1"]
[EndTime "15:44:58 PDT"]
[Termination "stollenmonster won by resignation"]

1. e4 c5 2. Nf3 Nc6 3. Nc3 e5 4. g3 g6 5. Bg2 Bg7 6. d3 Nge7 7.
O-O O-O 8. Re1 h6 9. Nd5 d6 10. c4 f5 11. Nxe7+ Nxe7 12. exf5 gxf5 13. Nh4 Qe8 14.
f4 Ng6 15. Nxg6 Qxg6 16. Be3 e4 17. dxe4 fxe4 18. Qd5+ Be6 19. Qxd6 b6 20. Rad1 Bxb2 21. Bf2 Bf5 22. Qd5+ Kh8 23. Bxe4 Rae8 24. Bxf5 Rxe1+ 25. Rxe1 Qxf5 26. Qd6 Qf6 27. Re6 Qf5 28. Rxh6+ Kg8 29. Re6 Bg7 30. Re7 Rf6 31. Qd8+ Rf8 32. Qd7 Bf6 33. Qxf5 1-0

[Event "Late-Titled-Tuesday-Blitz-May-07-2024"]
[Site "Chess.com"]
[Date "2024.05.07"]
[Round "9"]
[White "Romkachess"]
[Black "The_Machine04"]
[Result "0-1"]
[WhiteElo "2614"]
[BlackElo "2784"]
[TimeControl "180+1"]
[EndTime "15:45:11 PDT"]
[Termination "The_Machine04 won by resignation"]

1. e4 d6 2. d4 Nf6 3. Nc3 e5 4. Nf3 Nbd7 5. Rg1 c6 6. g4 h6 7. h4 exd4 8. Nxd4 Ne5 9. Be2 d5 10.
Nf5 Bxf5 11. exf5 d4 12. g5 hxg5 13. hxg5 dxc3 14. Qxd8+ Rxd8 15. gxf6 gxf6 16. f4 Bb4 17. b3 Bc5 18. Rf1 Nd7 19. Bd3 Nb6 20. Ke2 Rh2+ 21. Kf3 Kd7 22. a3 Rg8 23. b4 Rh3+ 24. Ke2 Rg2+ 25.
Kd1 Bd4 26. a4 Rxd3+ 27. cxd3 c2+ 28. Ke1 Bxa1 0-1

[Event "Late-Titled-Tuesday-Blitz-May-07-2024"]
[Site "Chess.com"]
[Date "2024.05.07"]
[Round "9"]
[White "PNEPaul"]
[Black "ZachHKL"]
[Result "1-0"]
[WhiteElo "1953"]
[BlackElo "2308"]
[TimeControl "180+1"]
[EndTime "15:45:11 PDT"]
[Termination "PNEPaul won by resignation"]

1. e4 c5 2. d4 cxd4 3. c3 dxc3 4. Nxc3 Nc6 5. Nf3 e6 6. Bf4 Bb4 7. Bd3 Nge7 8. e5 d5 9. a3 Bc5 10. Qe2 O-O 11. Bxh7+ Kh8 12. Bc2 g6 13. Ng5 Kg7 14.
Rd1 Nd4 15. Qd2 Nxc2+ 16. Qxc2 Bb6 17. O-O Bd7 18. Qe2 Rh8 19. Qg4 Nf5 20. Nf3 Bc5 21. Bg5 Be7 22. Bxe7 Qxe7 23. Rfe1 Nh4 24. Ng5 Rh5 25. f4 Rah8 26. h3 Nf5 27. Qf3 Bc6 28. g4 Nh4 29. Qg3 Rxg5 30. fxg5 Nf3+ 31. Qxf3 d4 32.
Ne4 Bxe4 33. Qxe4 Rxh3 34. Qg2 Rh4 35. Rxd4 Qxg5 36. Rf1 Qxe5 37. Rdf4 Qe3+ 38. Qf2 Qh3 39. Rxf7+ 1-0

[Event "Late-Titled-Tuesday-Blitz-May-07-2024"]
[Site "Chess.com"]
[Date "2024.05.07"]
[Round "9"]
[White "ATM622"]
[Black "remyrushbrooke"]
[Result "1-0"]
[WhiteElo "2540"]
[BlackElo "2319"]
[TimeControl "180+1"]
[EndTime "15:45:12 PDT"]
[Termination "ATM622 won by resignation"]

1. d4 g6 2. g3 Bg7 3. Bg2 d6 4. Nf3 e5 5. dxe5 dxe5 6. Qxd8+ Kxd8 7. O-O c6 8. Rd1+ Kc7 9. Nc3 f6 10. e4 Nh6 11. h3 Nf7 12. Be3 Be6 13. b4 Nd7 14. b5 Nd6 15. bxc6 bxc6 16. Bf1 Nc4 17. Bc1 Ndb6 18. a4 a5 19. Rb1 h6 20. Nh4 Bf7 21. f4 Rhd8 22. Rxd8 Rxd8 23. Nf3 Bf8 24. Kg2 Bb4 25. Ne2 Nxa4 26. fxe5 fxe5 27. Bxh6 Nd2 28.
Nxd2 Bxd2 29. Bg7 Nc3 30. Bxe5+ Kc8 31. Rb8+ Kd7 32. Rxd8+ Kxd8 33. Bxc3 Bxc3 34. Nxc3 a4 35. Nxa4 1-0

[Event "Late-Titled-Tuesday-Blitz-May-07-2024"]
[Site "Chess.com"]
[Date "2024.05.07"]
[Round "9"]
[White "merinasian"]
[Black "mfschulz"]
[Result "1-0"]
[WhiteElo "2472"]
[BlackElo "2334"]
[TimeControl "180+1"]
[EndTime "15:45:17 PDT"]
[Termination "merinasian won by resignation"]

1. d4 Nf6 2. Nf3 c5 3. d5 e6 4. Nc3 exd5 5. Nxd5 Nxd5 6. Qxd5 Be7 7. Bg5 O-O 8. Bxe7 Qxe7 9. O-O-O Nc6 10. Kb1 Nb4 11.
Qd6 Qe6 12. b3 Qe4 13. Rd2 a5 14. a3 Ra6 15. Qxc5 Rc6 16. Qd4 d5 17. axb4 axb4 18. Qxe4 dxe4 19. Nd4 Ra6 20. e3 Rf6 21. Bc4 Be6 22.
Nxe6 fxe6 23. Rf1 Kh8 24. Rd7 b6 25. Rd6 g6 26. Rxe6 Rxf2 27. Rxf2 Rxf2 28. Rxe4 Rxg2 29. h3 Rg3 30. Be6 Kg7 31. Rxb4 Rxe3 32. Bc8 h5 33. Rxb6 g5 34. Kb2 Re8 35. Bb7 Re3 36. Rb5 Kf6 37. Bc8 Re5 38. Rxe5 Kxe5 39. b4 Kf4 40.
b5 g4 41. hxg4 hxg4 42. Bxg4 Kxg4 43. b6 1-0

[Event "Late-Titled-Tuesday-Blitz-May-07-2024"]
[Site "Chess.com"]
[Date "2024.05.07"]
[Round "9"]
[White "Iball95"]
[Black "grzechu96"]
[Result "1-0"]
[WhiteElo "2908"]
[BlackElo "2786"]
[TimeControl "180+1"]
[EndTime "15:45:19 PDT"]
[Termination "Iball95 won on time"]

1. e4 c5 2. Nf3 d6 3. Nc3 a6 4.
d4 cxd4 5. Qxd4 Nc6 6. Qd3 Bg4 7. Nd4 Nf6 8. Bg5 Nxd4 9. Qxd4 e5 10. Qb4 Be7 11.
Bxf6 Bxf6 12. Qxb7 O-O 13. Qd5 Qb6 14. Rb1 Rfc8 15. Qd2 Be6 16. Bd3 Rc5 17. O-O Rac8 18. Rfd1 Qa5 19. a3 Qc7 20. Bxa6 Rb8 21. a4 Qa5 22. Bd3 h6 23. h3 Bg5 24. Qe1 Qc7 25.
Nb5 Qb6 26. b4 Rcc8 27. a5 Qd8 28. a6 Rb6 29. a7 Qd7 30. Ra1 Ra8 31. c4 Qc6 32.
Bf1 Bxc4 33. Rxd6 Qxb5 34. Bxc4 Qxb4 35. Qxb4 Rxb4 36. Bd5 Rxa7 37. Rxa7 Bf4 38. g3 Bg5 39. Bxf7+ 1-0

[Event "Late-Titled-Tuesday-Blitz-May-07-2024"]
[Site "Chess.com"]
[Date "2024.05.07"]
[Round "9"]
[White "robertoalejandro10"]
[Black "GlavkonVVS"]
[Result "1/2-1/2"]
[WhiteElo "2511"]
[BlackElo "2657"]
[TimeControl "180+1"]
[EndTime "15:45:20 PDT"]
[Termination "Game drawn by repetition"]

1. Nf3 c5 2. c4 Nf6 3. g3 d6 4.
Bg2 Nc6 5. O-O e6 6. b3 Be7 7.
Bb2 O-O 8. Nc3 a6 9. d4 cxd4 10. Nxd4 Bd7 11. Qd2 Rc8 12. Rfd1 Qc7 13. Rac1 Qb8 14.
Ne4 Nxe4 15. Bxe4 Rfd8 16. h4 Nxd4 17. Bxd4 Bc6 18. Bxc6 bxc6 19. Bb2 d5 20. cxd5 cxd5 21. Rxc8 Rxc8 22. Rc1 Bf8 23. e3 Rc7 24. Rxc7 Qxc7 25. Qd3 Qc6 26. Bc3 f6 27. h5 e5 28. Qd2 Qb5 29.
Bb2 g6 30. hxg6 hxg6 31. Qc2 Kf7 32. Qc7+ Kg8 33. Qc8 Kf7 34. Qc7+ Ke6 35. Qc8+ Kf7 36. Qc7+ 1/2-1/2

[Event "Late-Titled-Tuesday-Blitz-May-07-2024"]
[Site "Chess.com"]
[Date "2024.05.07"]
[Round "9"]
[White "sammartin99"]
[Black "YouShallNotPass001"]
[Result "0-1"]
[WhiteElo "2607"]
[BlackElo "2490"]
[TimeControl "180+1"]
[EndTime "15:45:21 PDT"]
[Termination "YouShallNotPass001 won on time"]

1. d4 Nf6 2. c4 e6 3. Nc3 c5 4. d5 exd5 5. cxd5 d6 6. Nf3 g6 7. Nd2 Bg7 8. e4 O-O 9. Be2 Re8 10. f3 Na6 11. O-O Nc7 12. a4 b6 13. Nc4 Ba6 14.
Qc2 Qd7 15. Bf4 Nh5 16. Bg5 Rab8 17. f4 Bxc4 18. Bxc4 a6 19. e5 dxe5 20. f5 b5 21.
axb5 axb5 22. Ba2 c4 23. f6 Bf8 24. Ne4 Nxd5 25. Qf2 Qc6 26. Rad1 Nhf4 27. Bb1 Ne6 28. Bd2 b4 29. Qh4 c3 30. bxc3 bxc3 31. Rf3 cxd2 32. Rh3 h5 33. Rg3 Ndf4 0-1

[Event "Late-Titled-Tuesday-Blitz-May-07-2024"]
[Site "Chess.com"]
[Date "2024.05.07"]
[Round "9"]
[White "cristianserban1"]
[Black "Mikhal867"]
[Result "1-0"]
[WhiteElo "2644"]
[BlackElo "2533"]
[TimeControl "180+1"]
[EndTime "15:45:24 PDT"]
[Termination "cristianserban1 won by checkmate"]

1. Nf3 c5 2. b3 Nc6 3. Bb2 d6 4. d4 cxd4 5. Nxd4 e5 6. Nxc6 bxc6 7. g3 Be6 8. Bg2 Qd7 9. O-O h5 10. h4 g5 11. hxg5 h4 12. f4 hxg3 13. fxe5 d5 14. e4 Bc5+ 15. Bd4 Bh3 16. e6 Qxe6 17. exd5 Qe3+ 18. Bxe3 Bxe3+ 19. Rf2 gxf2+ 20. Kf1 O-O-O 21. Bxh3+ Rxh3 22. Qg4+ Kb8 23. Qxh3 Bd4 24. c3 Bb6 25. Na3 Rxd5 26. Nc4 Rxg5 27. Nxb6 Rg1+ 28. Kxf2 Rxa1 29. Qc8# 1-0

[Event "Late-Titled-Tuesday-Blitz-May-07-2024"]
[Site "Chess.com"]
[Date "2024.05.07"]
[Round "9"]
[White "LikeWater"]
[Black "Msb2"]
[Result "0-1"]
[WhiteElo "2720"]
[BlackElo "3043"]
[TimeControl "180+1"]
[EndTime "15:45:25 PDT"]
[Termination "Msb2 won on time"]

1. e4 e6 2. d4 d5 3. exd5 exd5 4. Nf3 Nc6 5. h3 a6 6. Bd3 Nb4 7. Be2 Bf5 8. Na3 Nc6 9. O-O Bxa3 10. bxa3 Nge7 11.
a4 O-O 12. c4 dxc4 13. Bxc4 Nd5 14. Ne5 Na5 15. Ba3 Nxc4 16. Nxc4 Re8 17. Ne5 f6 18.
Nf3 Qd7 19. Nh4 Be6 20. Re1 b6 21. Rc1 a5 22. Qb3 Bf7 23. Qg3 g5 24. Nf3 h6 25.
h4 Qf5 26. Bb2 Rxe1+ 27. Rxe1 Re8 28. Rxe8+ Bxe8 29. Kh2 Bxa4 30. Bc1 Bd7 31. Be3 Qg4 32. hxg5 hxg5 33. Nd2 Qxg3+ 34. Kxg3 Kf7 35. Nc4 Be6 36. a3 Nc3 37. Nd2 Nb5 38. a4 Nc3 39. Ne4 Nxe4+ 0-1

[Event "Late-Titled-Tuesday-Blitz-May-07-2024"]
[Site "Chess.com"]
[Date "2024.05.07"]
[Round "9"]
[White "eljanov"]
[Black "Oleg_Papayan"]
[Result "1-0"]
[WhiteElo "2858"]
[BlackElo "2646"]
[TimeControl "180+1"]
[EndTime "15:45:29 PDT"]
[Termination "eljanov won on time"]

1. d4 d5 2. Bf4 Nf6 3. e3 c5 4. Nf3 Nc6 5. Nbd2 Qb6 6. dxc5 Qxb2 7. Rb1 Qc3 8. Bb5 g6 9. O-O Bg7 10. Nd4 Bd7 11. N2b3 O-O 12. Ne2 Qb4 13. a4 a6 14.
c3 Qe4 15. f3 Qxb1 16. Qxb1 axb5 17. axb5 Na5 18. Nxa5 Rxa5 19. Nd4 Nh5 20. c6 Bc8 21. Bc7 Ra3 22. Qb4 Ra2 23. cxb7 Bxb7 24. Qxe7 Bf6 25. Qd6 Bg7 26. Qb6 Bc8 27. Bd6 Re8 28. Qc6 1-0

[Event "Late-Titled-Tuesday-Blitz-May-07-2024"]
[Site "Chess.com"]
[Date "2024.05.07"]
[Round "9"]
[White "nochewycandy"]
[Black "bazar-wokzal"]
[Result "0-1"]
[WhiteElo "2761"]
[BlackElo "2609"]
[TimeControl "180+1"]
[EndTime "15:45:31 PDT"]
[Termination "bazar-wokzal won by resignation"]

1. e4 Nc6 2. b3 d5 3. exd5 Qxd5 4.
Bb2 Nf6 5. h3 Bf5 6. Nf3 O-O-O 7. d3 e5 8. Nbd2 Bb4 9. a3 Bxd2+ 10. Nxd2 Rhe8 11. f3 h5 12. Ne4 Nd4 13. Be2 Nxe4 14. fxe4 Bxe4 15. dxe4 Qxe4 16. Bxd4 Rxd4 17. Qc1 Qxg2 18.
Rf1 Qg3+ 19. Rf2 Rf4 20. Qxf4 exf4 21. O-O-O Qxf2 22. Bxh5 g6 23. Bg4+ f5 0-1

[Event "Late-Titled-Tuesday-Blitz-May-07-2024"]
[Site "Chess.com"]
[Date "2024.05.07"]
[Round "9"]
[White "duone"]
[Black "Pig-filth"]
[Result "1-0"]
[WhiteElo "2427"]
[BlackElo "2315"]
[TimeControl "180+1"]
[EndTime "15:45:32 PDT"]
[Termination "duone won on time"]

1. e4 Nf6 2. e5 Nd5 3. Nc3 Nxc3 4. dxc3 d5 5. Nf3 Bg4 6. Bd3 Nc6 7. Bf4 g6 8. h3 Bxf3 9. Qxf3 Bg7 10. Qe2 O-O 11.
O-O-O e6 12. h4 f5 13. exf6 Qxf6 14. Bg5 Qxf2 15. Qxe6+ Qf7 16. Qh3 Ne5 17. Rhf1 Nxd3+ 18. Qxd3 Qe6 19. Qxd5 Qxd5 20. Rxf8+ Rxf8 21. Rxd5 Rf1+ 22. Kd2 Rf2+ 23. Kd3 h6 24. Be3 Rxg2 25. Rd8+ Kf7 26. Rd7+ Kf8 27. Rxc7 Rg4 28. Rxb7 Rxh4 29. c4 Rh3 30. c5 Be5 31. Ke4 Bg3 32. c6 1-0

[Event "Late-Titled-Tuesday-Blitz-May-07-2024"]
[Site "Chess.com"]
[Date "2024.05.07"]
[Round "9"]
[White "balack95"]
[Black "Felix-Rose"]
[Result "1-0"]
[WhiteElo "2483"]
[BlackElo "2216"]
[TimeControl "180+1"]
[EndTime "15:45:35 PDT"]
[Termination "balack95 won by resignation"]

1. f4 Nf6 2. Nf3 g6 3. b3 Bg7 4. Bb2 O-O 5. e3 d6 6. Be2 c5 7. O-O Nc6 8. d3 e5 9. fxe5 Ng4 10. Bc1 Ncxe5 11. c3 Nxf3+ 12. Bxf3 Qh4 13. h3 Ne5 14. Bd5 Qg3 15. d4 cxd4 16. exd4 Nc6 17. Bf4 Qh4 18. Bxd6 Nxd4 19. Bxf8 Bxh3 20. Bxg7 Nf5 21. Be5 Rd8 22.
Qf3 Bg4 23. Qe4 h5 24. Nd2 Kh7 25. Nf3 Bxf3 26. Qxh4 Nxh4 27. Bxf3 1-0

[Event "Late-Titled-Tuesday-Blitz-May-07-2024"]
[Site "Chess.com"]
[Date "2024.05.07"]
[Round "9"]
[White "Kostukov_Alex"]
[Black "PenguinPacks"]
[Result "1-0"]
[WhiteElo "2377"]
[BlackElo "2470"]
[TimeControl "180+1"]
[EndTime "15:45:37 PDT"]
[Termination "Kostukov_Alex won by checkmate"]

1. g3 Nf6 2. Bg2 g6 3. c4 Bg7 4.
Nf3 O-O 5. O-O d6 6. d4 Nc6 7.
Nc3 e5 8. dxe5 dxe5 9. Bg5 h6 10. Qxd8 Rxd8 11. Bxf6 Bxf6 12. Nd5 Kg7 13. Nxc7 Rb8 14. Nd5 Be6 15. Nxf6 Kxf6 16. b3 g5 17. Rfd1 g4 18. Ne1 Nd4 19. e3 Ne2+ 20. Kf1 Nc3 21. Rdc1 Nxa2 22.
Rxa2 a6 23. Ke2 b5 24. Rxa6 bxc4 25. bxc4 Rb2+ 26. Kf1 Rdd2 27. Bd5 Rxf2+ 28. Kg1 Rxh2 29. Bxe6 fxe6 30. c5 Rhe2 31. Ra3 h5 32. c6 h4 33. gxh4 Rb8 34. c7 Rc8 35. Rb3 Rb2 36. Rxb2 Rxc7 37.
Rxc7 e4 38. Rbb7 g3 39. Rf7+ Ke5 40. h5 g2 41. h6 Kd6 42. h7 e5 43. h8=Q Kc5 44.
Qxe5+ Kc4 45. Rfc7# 1-0

[Event "Late-Titled-Tuesday-Blitz-May-07-2024"]
[Site "Chess.com"]
[Date "2024.05.07"]
[Round "9"]
[White "FairChess_on_YouTube"]
[Black "ContrVersia"]
[Result "1-0"]
[WhiteElo "3080"]
[BlackElo "2911"]
[TimeControl "180+1"]
[EndTime "15:45:40 PDT"]
[Termination "FairChess_on_YouTube won by resignation"]

1. d4 d5 2. c4 c6 3. Nf3 Nf6 4. Nc3 dxc4 5. e4 b5 6. Be2 e6 7.
O-O Bb7 8. Rb1 Be7 9. b3 cxb3 10. Rxb3 a6 11. e5 Nd5 12. Nxd5 cxd5 13. h4 Nc6 14. Bg5 h6 15. Bxe7 Qxe7 16. Qd2 O-O 17.
Qf4 f6 18. exf6 Rxf6 19. Qg3 Raf8 20. Rc1 R8f7 21. Rbc3 Qe8 22. Rxc6 Bxc6 23. Ne5 Rc7 24. Ng4 Rcf7 25. Ne5 Rc7 26. Bd3 Rc8 27. Ng4 Qf8 28.
Nxf6+ Qxf6 29. Rxc6 Rxc6 30. Qb8+ Qf8 31. Bh7+ Kf7 32.
Qb7+ Kf6 33. Qxc6 Qb4 34. Qe8 Qxd4 35. Qf8+ 1-0

[Event "Late-Titled-Tuesday-Blitz-May-07-2024"]
[Site "Chess.com"]
[Date "2024.05.07"]
[Round "9"]
[White "super_emi_26"]
[Black "ozates"]
[Result "0-1"]
[WhiteElo "2830"]
[BlackElo "2661"]
[TimeControl "180+1"]
[EndTime "15:45:42 PDT"]
[Termination "ozates won by resignation"]

1. b3 c5 2. Bb2 Nc6 3. Nf3 d6 4. e3 e5 5. d4 cxd4 6. exd4 e4 7. d5 exf3 8. dxc6 Qe7+ 9. Kd2 Qg5+ 10. Kd3 fxg2 11.
Qe2+ Ne7 12. Bxg2 Qxg2 13. cxb7 Bxb7 14. Re1 Qd5+ 15. Bd4 Rc8 16. c4 Qf5+ 17. Kc3 Qa5+ 18. Kb2 h5 19. Nc3 Rh6 20. Qd2 Re6 21. Re3 Nf5 22. Rxe6+ fxe6 23. Re1 Kd7 24. Qd3 Nxd4 25.
Qxd4 Qc5 26. Qd2 Be7 27. Kb1 Rf8 28. f4 Qf5+ 29. Kb2 Qxf4 30. Qc2 Bf6 31. Kb1 Qd4 32.
Rc1 Qxc3 33. Qxc3 Bxc3 34. Rxc3 Rf1+ 35. Kb2 Rf2+ 36. Ka3 Rxh2 37. Rg3 e5 38. Rxg7+ Kc6 39. b4 a6 40. Kb3 Rh3+ 41. Kb2 Rf3 42. a4 h4 43. Rh7 h3 44. Kc2 a5 45. b5+ Kb6 46.
Kd2 Ra3 47. Rh6 Kc5 48. Rh7 Be4 49. Rc7+ Kd4 50. Rd7 Ra2+ 51. Kc1 h2 52. Rxd6+ Kc3 0-1

[Event "Late-Titled-Tuesday-Blitz-May-07-2024"]
[Site "Chess.com"]
[Date "2024.05.07"]
[Round "9"]
[White "Hakiki_satranc"]
[Black "Pidzsy"]
[Result "0-1"]
[WhiteElo "2418"]
[BlackElo "2588"]
[TimeControl "180+1"]
[EndTime "15:45:46 PDT"]
[Termination "Pidzsy won by checkmate"]

1. e4 g6 2. d4 Bg7 3. Nc3 d6 4.
f4 e6 5. Nf3 Ne7 6. g3 d5 7. e5 c5 8. Bg2 b6 9. O-O Nbc6 10.
Nb5 O-O 11. c3 Ba6 12. a4 cxd4 13. Nfxd4 Nxd4 14. cxd4 Qd7 15. Qd3 Rfc8 16. Be3 Rc4 17. b3 Bxb5 18. axb5 Rb4 19. Rfc1 Qxb5 20. Qxb5 Rxb5 21.
Rc7 Nf5 22. Bf2 Rxb3 23. g4 Ne3 24. Bxe3 Rxe3 25. f5 gxf5 26. gxf5 a5 27. f6 Bf8 28. Bf1 a4 29. Kf2 Re4 30. Bd3 Rxd4 31. Rg1+ Kh8 32.
Ke2 Rh4 33. Rxf7 Rxh2+ 34. Kf3 a3 35. Rc7 a2 36. Rcc1 Bc5 37. Rh1 Rxh1 38. Rxh1 Ra7 39.
Ke2 a1=Q 40. f7 Qxe5+ 41. Kd1 Ra1+ 42. Kc2 Ra2+ 43. Kd1 Qa1+ 44. Bb1 Qxb1# 0-1

[Event "Late-Titled-Tuesday-Blitz-May-07-2024"]
[Site "Chess.com"]
[Date "2024.05.07"]
[Round "9"]
[White "Airquake"]
[Black "FabianoCaruana"]
[Result "1-0"]
[WhiteElo "2865"]
[BlackElo "3062"]
[TimeControl "180+1"]
[EndTime "15:45:49 PDT"]
[Termination "Airquake won by resignation"]

1. e4 c5 2. Nf3 d6 3. d4 cxd4 4. Nxd4 Nf6 5. Nc3 a6 6. Be2 e5 7. Nb3 Be7 8. O-O O-O 9. f4 exf4 10. Bxf4 Nc6 11. Kh1 Be6 12. Bf3 Ne5 13. Nd5 Bxd5 14. exd5 Nfd7 15. Nd4 Bf6 16. c3 g6 17. Bg3 Bg7 18. Bg4 Nc5 19. Be2 Re8 20. Qc2 h5 21. Rae1 Rc8 22. h3 Ncd7 23. Nf3 Nxf3 24. Bxf3 Be5 25.
Qf2 Qg5 26. Bh4 Qf4 27. g3 Qf5 28. g4 hxg4 29. Bxg4 Qxf2 30. Rxf2 Rc7 31. Bxd7 Rxd7 32. Bg3 f5 33. Kg2 Kf7 34. Rfe2 Kf6 35. Kf3 g5 36. h4 g4+ 37. Kg2 Rde7 38. h5 f4 39. Bh4+ Kf5 40. Bxe7 f3+ 41. Kf2 Rxe7 42. Re3 Kg5 43.
Rh1 Kf4 44. Rh4 Bf6 45. Rxf3+ Kg5 46. Rxg4+ Kxg4 47. Rxf6 Re5 48. Rxd6 Rxh5 49. Ke3 Kf5 50. Kd4 Rh2 51. b4 Rxa2 52. Rb6 Rd2+ 53. Kc5 Ke5 54. c4 Ke4 55. Rxb7 Kd3 56. Rh7 Kc3 57.
Rh3+ Kb2 58. d6 1-0

[Event "Late-Titled-Tuesday-Blitz-May-07-2024"]
[Site "Chess.com"]
[Date "2024.05.07"]
[Round "9"]
[White "Denisenko_Denis"]
[Black "Hasangatin_Ramil"]
[Result "0-1"]
[WhiteElo "2424"]
[BlackElo "2685"]
[TimeControl "180+1"]
[EndTime "15:45:50 PDT"]
[Termination "Hasangatin_Ramil won by resignation"]

1. d4 d6 2. Bf4 Bg4 3. Nf3 Bxf3 4.
exf3 c6 5. Bd3 g6 6. O-O Bg7 7.
c3 Nd7 8. Re1 Ngf6 9. Nd2 O-O 10. Ne4 d5 11. Nxf6+ Nxf6 12. Qd2 e6 13. a4 a5 14. h3 Re8 15. g4 Nd7 16. Kg2 e5 17.
dxe5 Nxe5 18. Bg3 Qb6 19. Rab1 Nxd3 20. Qxd3 Rxe1 21. Rxe1 Qxb2 22. c4 Qc3 23. Qxc3 Bxc3 24.
Re7 dxc4 25. Rxb7 Rc8 26. Kf1 Re8 27. Rb8 Rxb8 28. Bxb8 f5 29. Ke2 Kf7 30. Ke3 Ke6 31. h4 h5 32. gxh5 gxh5 33. Bc7 Kd5 34. Bb6 c5 35. Kf4 Bd2+ 36. Kxf5 c3 37. Bxa5 Be1 38. Bd8 Bxf2 39. a5 c2 40. Bg5 Bxh4 41. Bc1 Be1 42. a6 Kc6 43. Kg5 c4 44. f4 c3 45. f5 Bd2+ 46.
Kxh5 Bxc1 47. f6 Ba3 48. f7 c1=Q 0-1

[Event "Late-Titled-Tuesday-Blitz-May-07-2024"]
[Site "Chess.com"]
[Date "2024.05.07"]
[Round "9"]
[White "lluiss"]
[Black "ccccvhhhj"]
[Result "0-1"]
[WhiteElo "2247"]
[BlackElo "2488"]
[TimeControl "180+1"]
[EndTime "15:45:52 PDT"]
[Termination "ccccvhhhj won on time"]

1. Nf3 d5 2. d4 c6 3. c4 e6 4. cxd5 exd5 5. Bf4 Nf6 6. e3 Bf5 7. Bd3 Bxd3 8. Qxd3 Bd6 9. Bxd6 Qxd6 10. O-O O-O 11. Ne5 Nbd7 12. Nxd7 Qxd7 13. b4 a6 14. Nc3 Rfe8 15. Na4 Ne4 16. Nb6 Qe7 17. Nxa8 Rxa8 18. Rfe1 h6 19. f3 Nf6 20. e4 Qxb4 21. Rab1 Qa5 22.
e5 Nh5 23. Qf5 g6 24. Qd7 Qc3 25. Red1 Nf4 26. Rxb7 Rf8 27. Qg4 Qe3+ 28. Kh1 Ne6 29. h4 h5 30. Qg3 Nxd4 31. Qe1 Qf4 32. Rb4 c5 33. Ra4 Re8 34. e6 Rxe6 35. Qf2 Qf6 36. g3 Re2 37. Qg1 Qe6 38. Rf1 Qh3+ 0-1

[Event "Late-Titled-Tuesday-Blitz-May-07-2024"]
[Site "Chess.com"]
[Date "2024.05.07"]
[Round "9"]
[White "dennisodessa"]
[Black "egnfanclub"]
[Result "0-1"]
[WhiteElo "2526"]
[BlackElo "2347"]
[TimeControl "180+1"]
[EndTime "15:45:53 PDT"]
[Termination "egnfanclub won on time"]

1. d4 d5 2. c4 c6 3. Nf3 Nf6 4. Nbd2 e6 5. e3 Nbd7 6. b3 Bb4 7. Bb2 Ne4 8. a3 Bd6 9. Nxe4 dxe4 10. Ne5 O-O 11. Be2 c5 12. Nxd7 Bxd7 13. O-O Qc7 14. dxc5 Bxh2+ 15. Kh1 Rad8 16. Qd4 f6 17. Qxe4 Be5 18.
Bxe5 fxe5 19. b4 Bc6 20. Qg4 Rf6 21. Rad1 Rdf8 22. Bd3 e4 23. Bxe4 Rh6+ 0-1

[Event "Late-Titled-Tuesday-Blitz-May-07-2024"]
[Site "Chess.com"]
[Date "2024.05.07"]
[Round "9"]
[White "Eloist"]
[Black "Vazabanga"]
[Result "0-1"]
[WhiteElo "2438"]
[BlackElo "2698"]
[TimeControl "180+1"]
[EndTime "15:45:56 PDT"]
[Termination "Vazabanga won on time"]

1. e4 c5 2. Nf3 d6 3. Bb5+ Bd7 4. Bxd7+ Qxd7 5. c4 Nc6 6. d4 cxd4 7. Nxd4 g6 8. Nc3 Bg7 9. Be3 Nf6 10. f3 O-O 11.
O-O Rfc8 12. b3 Qe8 13. Qd2 Nd7 14. Nxc6 bxc6 15. Rad1 a5 16. Na4 Rcb8 17. c5 Nxc5 18. Bxc5 dxc5 19. Nxc5 Rb5 20. Na4 c5 21. Qd5 e6 22. Qc4 Bd4+ 23. Kh1 Rd8 24. Nc3 Rb4 25. Qd3 Bf6 26. Qc2 Rbd4 27. Ne2 Rxd1 28. Rxd1 Rxd1+ 29.
Qxd1 Qb5 30. Qc2 Qb4 31. g3 Qe1+ 32. Kg2 h5 33. f4 Bd4 34. Nxd4 cxd4 35. e5 Qc3 36.
Qd1 d3 37. Kf3 Qc2 38. Qf1 d2 0-1

[Event "Late-Titled-Tuesday-Blitz-May-07-2024"]
[Site "Chess.com"]
[Date "2024.05.07"]
[Round "9"]
[White "Ajedrez_con_German"]
[Black "PawnEatingZombie"]
[Result "1-0"]
[WhiteElo "2564"]
[BlackElo "2269"]
[TimeControl "180+1"]
[EndTime "15:45:56 PDT"]
[Termination "Ajedrez_con_German won on time"]

1. Nf3 Nf6 2. b3 g6 3. Bb2 Bg7 4. e3 c5 5. Be2 O-O 6. c4 Nc6 7. O-O b6 8. d4 cxd4 9. Nxd4 Nxd4 10. Qxd4 Bb7 11. Nc3 d6 12. Rfd1 Ne4 13. Qd3 Nc5 14. Qc2 a6 15. Nd5 Bxd5 16. cxd5 b5 17. Bxg7 Kxg7 18.
b4 Na4 19. Rac1 Rc8 20. Qd3 Qb6 21. Qd2 Kg8 22. Bf3 Qb8 23. Rc6 Nb6 24. h4 Qb7 25.
h5 Nc4 26. Qc3 Ne5 27. Rc1 Nxc6 28. dxc6 Qb6 29. h6 f6 30. Bd5+ Kh8 31. c7 e5 32.
Be6 Rfe8 33. Bd7 Rf8 34. g3 Rg8 35. Bxc8 Rxc8 36. a3 Qb7 37. Qc2 Qd5 38. Rd1 Qe6 39. Qc6 Qe7 40. Qxd6 Qxd6 41. Rxd6 1-0

[Event "Late-Titled-Tuesday-Blitz-May-07-2024"]
[Site "Chess.com"]
[Date "2024.05.07"]
[Round "9"]
[White "IlanSchnaider"]
[Black "gmcorrales"]
[Result "0-1"]
[WhiteElo "2725"]
[BlackElo "2888"]
[TimeControl "180+1"]
[EndTime "15:45:57 PDT"]
[Termination "gmcorrales won by checkmate"]

1. e4 c5 2. Nf3 d6 3. d4 cxd4 4. Qxd4 Nc6 5. Qe3 Nf6 6. Be2 g6 7. h3 Bg7 8. O-O O-O 9. Rd1 Nd7 10. Nc3 b6 11. Qf4 Bb7 12. Qh4 Rc8 13. Bh6 Bf6 14.
Ng5 Nd4 15. Bxf8 Nxf8 16. Qh6 Rxc3 17. bxc3 Nxe2+ 18. Kh1 Nxc3 19. Re1 e6 20. Nf3 Nxe4 21. Rab1 Nxf2+ 22. Kg1 Ne4 23. Qf4 d5 24. c4 g5 25.
Qg4 Ng6 26. cxd5 exd5 27. Rbd1 Qe7 28. Qf5 Kg7 29. Qg4 Qc5+ 30. Kh2 Bc8 31. Qh5 Qc7+ 32.
Kh1 Ng3+ 33. Kg1 Nxh5 34. Nd4 Bxd4+ 35. Rxd4 Qc5 36. Rc1 Qxd4+ 37. Kh2 Qd2 38. Rd1 Qxd1 39. a4 Ngf4 40. a5 Qe2 41. h4 Qxg2# 0-1

[Event "Late-Titled-Tuesday-Blitz-May-07-2024"]
[Site "Chess.com"]
[Date "2024.05.07"]
[Round "9"]
[White "andrew-blr"]
[Black "Szparu"]
[Result "0-1"]
[WhiteElo "2596"]
[BlackElo "2895"]
[TimeControl "180+1"]
[EndTime "15:45:57 PDT"]
[Termination "Szparu won on time"]

1. d4 Nf6 2. c4 c5 3. d5 e6 4.
Nc3 exd5 5. cxd5 d6 6. Nf3 g6 7. h3 a6 8. a4 Bf5 9. Nd2 Qe7 10.
Nc4 Nbd7 11. Bf4 Ne5 12. Bxe5 dxe5 13. g4 Bd7 14. Bg2 Bg7 15. O-O O-O 16. d6 Qe6 17.
Nb6 Rad8 18. a5 Bb5 19. Nxb5 axb5 20. Bxb7 Rxd6 21. Qc2 e4 22. Rfd1 h5 23. Rxd6 Qxd6 24. g5 Nd7 25. Nxd7 Qxd7 26. a6 Qxh3 27. Qxe4 Bxb2 28.
Rd1 Qa3 29. Rd7 Kg7 30. Qd5 h4 31. Bc8 h3 32. a7 Bd4 33. e3 Qa1+ 34. Kh2 Be5+ 0-1